 Dungeon Crawl Stone Soup version 0.24.0-125-gc4c63601f3 (webtiles) character file.

Game seed: 11496720915759673048, levelgen mode: deterministic

1920 Curus the Cleaver (level 9, -1/105 HPs)
             Began as a Hill Orc Berserker on Feb 29, 2020.
             Was an Elder of Trog.
             Killed from afar by an electric eel (13 damage)
             ... with a bolt of electricity
             ... on level 6 of the Dungeon.
             The game lasted 00:20:15 (4895 turns).

Curus the Cleaver (Hill Orc Berserker)              Turns: 4895, Time: 00:20:16

Health: -1/105     AC: 10    Str: 25    XL:     9   Next: 17%
Magic:  9/9        EV:  9    Int:  7    God:    Trog [****..]
Gold:   211        SH:  0    Dex: 13    Spells: 8/8 levels left

rFire    . . .     SeeInvis .   n - +0 war axe
rCold    . . .     Gourm    .   (no shield)
rNeg     + . .     Faith    .   m - +0 chain mail
rPois    .         Spirit   .   (no helmet)
rElec    .         Reflect  .   d - +1 cloak
rCorr    .         Harm     .   (no gloves)
MR       ++...                  (no boots)
Stlth    ..........             (no amulet)
HPRegen  1.27/turn              j - ring of positive energy
MPRegen  0.11/turn              (no ring)

@: berserking, regenerating, very quick
A: no striking features
a: Berserk, Trog's Hand, Brothers in Arms, Renounce Religion


You were on level 6 of the Dungeon.
You worshipped Trog.
Trog was greatly pleased with you.
You were very hungry.

You visited 1 branch of the dungeon, and saw 6 of its levels.

You collected 211 gold pieces.

Inventory:

Hand Weapons
 a - a +2 hand axe
 h - a +0 hand axe of flaming
 n - a +0 war axe (weapon)
Armour
 b - a +0 animal skin
 d - a +1 cloak (worn)
 g - a +0 scale mail
 m - a +0 chain mail (worn)
Jewellery
 f - an uncursed ring of fire
 j - a ring of positive energy (left hand)
Wands
 k - a wand of iceblast (7)
Scrolls
 i - 5 scrolls of identify
Potions
 e - 3 potions of curing
 o - a potion of brilliance
Comestibles
 c - 11 rations


   Skills:
 - Level 3.6 Fighting
 + Level 14.8 Axes
 - Level 2.1 Armour
 - Level 1.5 Dodging


You had 8 spell levels left.
You didn't know any spells.
Your spell library was empty.

Dungeon Overview and Level Annotations

Branches:
Dungeon (6/15)             Temple (0/1) D:6

Altars:
Ashenzari
Cheibriados
Dithmenos
Fedhas
Gozag
Hepliaklqana
Makhleb
Qazlal
Trog

Shops:
D:5 =


Message History

The electric eel shoots out a bolt of lightning at you!
The bolt of electricity hits you!
Your chain mail prevents you from hitting the electric eel.
The electric eel shoots out a bolt of lightning at you!
The bolt of electricity hits you!
* * * LOW HITPOINT WARNING * * *
A red film seems to cover your vision as you go berserk!
You feel yourself moving faster!
You feel mighty!
You are feeling very hungry.
The electric eel shoots out a bolt of lightning at you!
The bolt of electricity hits you!
* * * LOW HITPOINT WARNING * * *
You closely miss the electric eel.
You feel the effects of Trog's Hand fading.
You closely miss the electric eel.
Your chain mail prevents you from hitting the electric eel.
You closely miss the electric eel.
The electric eel shoots out a bolt of lightning at you!
The bolt of electricity hits you!
You die...

≈..##...##.. ≈≈≈≈≈
≈≈≈........... ≈≈≈≈
≈≈≈.....>..... # #≈≈#
#≈≈.......^..# #≈ #≈≈#
#≈≈..##...##..
#≈≈#+#≈≈###≈≈..##...##..
#≈≈≈≈≈≈≈≈≈≈.#..........
#≈≈≈;≈≈≈≈.##......####
##.@............##..
#.................#..
#................[)..
#..............###)..
#...............##...
...............#####..
.......................
.................####.#
.............###...#


You could see an electric eel.

Vanquished Creatures
  Grinder (D:3)
  Sigmund (D:3)
  An ice beast (D:4)
  2 sky beasts (D:5)
  2 phantoms (D:4)
  A centaur (D:5)
  A bullfrog (D:6)
  5 scorpions
  A howler monkey (D:5)
  An electric eel (D:6)
  A crimson imp (D:6)
  A centaur zombie (D:2)
  A jelly (D:5)
  3 hounds
  Jessica (D:2)
  2 orc wizards (D:6)
  A worker ant (D:5)
  Natasha (thrice) (D:3)
  A hound zombie (D:4)
  8 gnolls
  10 adders
  A shadow imp (D:3)
  An ooze (D:1)
  2 worms (D:2)
  3 dart slugs
  6 leopard geckos
  12 orcs
  4 ball pythons
  A giant cockroach (D:2)
  10 goblins
  7 hobgoblins
  8 jackals
  8 kobolds
  2 quokkas (D:2)
  6 bats
  2 frilled lizards
  A leopard gecko skeleton (D:6)
  13 rats
135 creatures vanquished.

Notes
Turn   | Place    | Note
-------+----------+-------------------------------------------
     0 | D:1      | Curus the Hill Orc Berserker began the quest for the Orb.
     0 | D:1      | Reached XP level 1. HP: 19/19 MP: 1/1
    48 | D:1      | Reached XP level 2. HP: 23/26 MP: 2/2
   153 | D:1      | Reached skill level 5 in Axes
   218 | D:1      | Reached ** piety under Trog
   300 | D:1      | Reached XP level 3. HP: 29/31 MP: 3/3
   658 | D:2      | Noticed Jessica
   674 | D:2      | Killed Jessica
   674 | D:2      | Reached skill level 6 in Axes
   674 | D:2      | Reached XP level 4. HP: 26/39 MP: 4/4
  1097 | D:2      | Reached skill level 7 in Axes
  1350 | D:2      | Reached XP level 5. HP: 18/45 MP: 5/5
  1943 | D:2      | Found an opulent altar of Gozag.
  1997 | D:2      | Reached skill level 8 in Axes
  2464 | D:3      | Noticed Natasha
  2466 | D:3      | Noticed Sigmund
  2469 | D:3      | Noticed Grinder
  2470 | D:3      | Killed Natasha
  2470 | D:3      | Reached XP level 6. HP: 46/51 MP: 6/6
  2488 | D:3      | Noticed Natasha
  2491 | D:3      | Killed Grinder
  2491 | D:3      | Reached skill level 9 in Axes
  2491 | D:3      | Killed Sigmund
  2491 | D:3      | Reached *** piety under Trog
  2491 | D:3      | Reached skill level 10 in Axes
  2491 | D:3      | Reached XP level 7. HP: 46/57 MP: 7/7
  2495 | D:3      | Killed Natasha
  2546 | D:3      | Found a shattered altar of Ashenzari.
  2674 | D:3      | Noticed Natasha
  2684 | D:3      | Killed Natasha
  2684 | D:3      | Reached skill level 11 in Axes
  3039 | D:3      | Found a shadowy altar of Dithmenos.
  3243 | D:3      | Found a bloodstained altar of Trog.
  3334 | D:4      | Reached XP level 8. HP: 42/64 MP: 8/8
  3507 | D:4      | Found a burning altar of Makhleb.
  3518 | D:4      | Reached skill level 12 in Axes
  3694 | D:4      | Found a blossoming altar of Fedhas.
  3953 | D:4      | Found a snail-covered altar of Cheibriados.
  4143 | D:5      | Entered Level 5 of the Dungeon
  4160 | D:5      | Reached skill level 13 in Axes
  4238 | D:5      | HP: 4/96 [poisoned by a scorpion]
  4299 | D:5      | Found a hazy altar of Hepliaklqana.
  4324 | D:5      | Found Gasuhaoh's Jewellery Emporium.
  4353 | D:5      | Found a stormy altar of Qazlal.
  4362 | D:5      | Noticed a water elemental
  4383 | D:5      | Reached skill level 14 in Axes
  4512 | D:5      | Reached XP level 9. HP: 35/70 MP: 9/9
  4820 | D:6      | Reached **** piety under Trog
  4830 | D:6      | Found a staircase to the Ecumenical Temple.
  4895 | D:6      | Killed from afar by an electric eel

Levels and vault maps discovered:
D:1:      onia_arrival_handbag, layout_basic
D:2:      layout_loops_cross, grunt_gozag_breadcrumbs,
          kennysheep_generic_room_6, uniq_jessica
D:3:      layout_rooms, lightli_temple_of_fire, nicolae_dithmenos_shadow_blocks,
          nicolae_ashenzari_panopticon, uniq_grinder, uniq_sigmund, uniq_natasha
D:4:      layout_loops_corners, nicolae_overflow_hidden_temple,
          kennysheep_slug_shrine, nicolae_overflow_crystal_walls
D:5:      lemuel_upstairs_altar, layout_rooms, marbit_many_paths,
          nicolae_qazlal_style_of_elements, serial_shops, shop, first_ration
D:6:      layout_cave_pools, old_standard_altar, elyvilon_altar_4,
          minmay_temple_entry_stoned_glass, serial_shops, shop_statue,
          water_boxes_lemuel

Skill      XL: |  1  2  3  4  5  6  7  8 |
---------------+-------------------------+-----
Axes           | 5 6 7 8 10 11 14 | 14.8
Fighting       | |  3.6
Armour         | |  2.1
Dodging        | |  1.5

Action                   |  1- 3 |  4- 6 |  7- 9 || total
-------------------------+-------+-------+-------++-------
Melee: Hand axe          |    82 |   172 |   170 ||   424
       War axe           |       |       |   142 ||   142
Invok: Berserk           |     1 |     1 |     3 ||     5
       Trog's Hand       |       |     1 |     2 ||     3
  Use: Potion            |     1 |     2 |     4 ||     7
       Scroll            |     2 |     3 |     4 ||     9
  Eat: Chunk             |       |     6 |    12 ||    18
Armor: Animal skin       |     9 |    11 |       ||    20
       Scale mail        |       |    31 |    62 ||    93
       Chain mail        |       |       |    65 ||    65
Dodge: Dodged            |    40 |    74 |    96 ||   210
